 Crawl Stoat Soup version 0.23-ish-327-95-g181beea39d (console) character file.

98 hilarita the Cudgeler (level 4, 0/69 HPs)
             Began as an Ogre Gladiator on Apr 14, 2024.
             Slain by an orc wizard
             ... wielding a +0 dagger
              (1 damage)
             ... on level 3 of the Dungeon.
             The game lasted 00:05:10 (2870 turns).

hilarita the Cudgeler (Ogre Gladiator)              Turns: 2870, Time: 00:05:11

Health: 0/69       AC:  4    Str: 24    XL:     4   Next: 69%
Magic:  4/4        EV: 10    Int:  9    God:
Gold:   148        SH:  0    Dex: 10    Spells: 3/3 levels left

rFire    . . .     SeeInvis .   a - +0 flail
rCold    . . .     Gourm    .   (no shield)
rNeg     . . .     Faith    .   b - +0 robe
rPois    .         Spirit   .   c - +1 hat
rElec    .         Warding  .   (no cloak)
rCorr    .         Reflect  .   (gloves unavailable)
MR       .....     Harm     .   (boots unavailable)
Stlth    ..........             (no amulet)
HPRegen  0.21/turn              (no ring)
MPRegen  0.09/turn              (no ring)

@: confused, berserking, flying, very quick
A: large, unfitting armour, tough skin 1
a: no special abilities


You were on level 3 of the Dungeon.
You were not hungry.

You visited 1 branch of the dungeon, and saw 3 of its levels.

You collected 148 gold pieces.

Inventory:

Hand Weapons
 a - a +0 flail (weapon)
Missiles
 d - 3 throwing nets (quivered)
 q - 8 poisoned darts
Armour
 b - a +0 robe (worn)
 c - a +1 hat (worn)
Jewellery
 m - an uncursed ring of wizardry
 o - an uncursed ring of magical power
Scrolls
 i - a scroll of immolation
 k - 4 scrolls of teleportation
Potions
 e - a potion of resistance
 h - a potion of heal wounds {unknown}
 j - a potion of mutation {unknown}
 n - a potion of flight
Comestibles
 f - 3 bread rations
 l - 2 meat rations
 p - a chunk of flesh


   Skills:
 + Level 3.6 Fighting
 * Level 4.4 Maces & Flails
 + Level 2.7 Throwing
 + Level 3.2 Dodging


You had 3 spell levels left.
You didn't know any spells.
Your spell library was empty.

Dungeon Overview and Level Annotations

Branches:
Dungeon (3/15)

Altars:
Gozag
Qazlal
Zin


Innate Abilities, Weirdness & Mutations

You are too large for most types of armour.
You have tough skin. (AC +1)


Message History

You hear some strange, mumbled words.
A puff of flame appears from out of thin air!
The puff of flame hits you!
* * * LOW HITPOINT WARNING * * *
The orc closely misses you.
It was a potion of flight.
You feel very buoyant.
You fly up into the air.
You hear some strange, mumbled words.
You are confused.
The orc hits you from afar with a trident.
* * * LOW HITPOINT WARNING * * *
It was a potion of berserk rage.
A red film seems to cover your vision as you go berserk!
You feel yourself moving faster!
You feel mighty! Something hits you but does no damage.
The orc closely misses you.
You bump into the rock wall.
You feel a strong urge to attack something.
Something hits you.
You die...

..#
#...............#
..#
#########.......#
... #.......# ####
#.......# #.......#
##.....##
##....##.##....#
##..####...####..
#........)?#.......
#...####.)###..####
#...@.o..#.......
#...####...####..
#.##. ##.## # .. ##
#...# # ##.## .{o
.W8.. .#...#.
#...8...# . #...# .
. ##.## .


You could see an orc.

Vanquished Creatures
  4 adders (D:2)
  2 dart slugs
  2 leopard geckos
  An orc (D:3)
  2 ball pythons
  2 giant cockroaches
  8 goblins
  6 hobgoblins
  10 bats
  4 frilled lizards
  10 kobolds
  5 rats
56 creatures vanquished.

Vanquished Creatures (others)
  2 orcs (D:3)
2 creatures vanquished.

Grand Total: 58 creatures vanquished

Notes
Turn   | Place    | Note
-------+----------+-------------------------------------------
     0 | D:1      | hilarita the Ogre Gladiator began the quest for the Orb.
     0 | D:1      | Reached XP level 1. HP: 22/22 MP: 1/1
   141 | D:1      | Reached XP level 2. HP: 26/29 MP: 2/2
  1144 | D:1      | Reached XP level 3. HP: 37/37 MP: 3/3
  1528 | D:2      | Reached skill level 4 in Maces & Flails
  1758 | D:2      | Reached XP level 4. HP: 36/45 MP: 4/4
  2141 | D:2      | Found a glowing silver altar of Zin.
  2141 | D:2      | Found an opulent altar of Gozag.
  2142 | D:2      | Found a stormy altar of Qazlal.
  2855 | D:3      | Noticed hilarita's ghost (amateur OgGl)
  2868 | D:3      | HP: 1/46 [orc/trident (5)]
  2870 | D:3      | Slain by an orc wizard

Vault maps used:
D:1:      dpeg_arrival_ternary
D:2:      gammafunk_temple_overflow_claw
D:3:      wad_crossroads, first_bread, uniq_robin

Skill      XL: |  1  2  3 |
---------------+----------+-----
Fighting       | 3 |  3.6
Dodging        | 3 |  3.2
Maces & Flails | 4 |  4.4
Throwing       | |  2.7

Action                   |  1- 3 |  4- 6 || total
-------------------------+-------+-------++-------
Melee: Flail             |   113 |    76 ||   189
  Use: Scroll            |     6 |       ||     6
       Potion            |       |     2 ||     2
 Stab: Sleeping          |     1 |       ||     1
  Eat: Chunk             |     3 |     3 ||     6
Armor: Robe              |    54 |    25 ||    79
Dodge: Dodged            |    81 |    46 ||   127

Table legend:
 A = Spawn XP
 B = Non-spawn XP
 C = Spawn XP percentage of total XP
 D = Spawn monster count
 E = Non-spawn monster count
 F = Spawn count percentage of total count
 G = Total turns spent on level
                    A         B        C        D         E        F      G
               +---------+---------+-------+---------+---------+-------+---------
         Total |      40 |     100 |  28.6 |      11 |      45 |  19.6 |  2870
               +---------+---------+-------+---------+---------+-------+---------
           D:1 |       3 |      36 |   7.7 |       2 |      22 |   8.3 |  1309
           D:2 |      37 |      47 |  44.0 |       9 |      15 |  37.5 |  1304
           D:3 |       0 |      17 |   0.0 |       0 |       8 |   0.0 |   257
               +---------+---------+-------+---------+---------+-------+---------
